 Dungeon Crawl Stone Soup version 0.26.0-20-g3ca415f5b8 (webtiles) character file.

Game seed: 7622704916540760698

28 Drachen the Firebug (level 2, 0/20 HPs)
             Began as a Demigod Fire Elementalist on Jan 24, 2021.
             Succumbed to an adder's poison
             ... on level 2 of the Dungeon.
             The game lasted 00:05:18 (954 turns).

Drachen the Firebug (Demigod Fire Elementalist)      Turns: 954, Time: 00:05:18

Health: 0/20       AC:  3    Str: 11    XL:     2   Next: 75%
Magic:  6/7        EV: 13    Int: 19    God:
Gold:   120        SH:  0    Dex: 16    Spells: 4/5 levels left

rFire    + . .     SeeInvis .   d - +4 hunting sling
rCold    + . .     Faith    .   (no shield)
rNeg     . . .     Spirit   .   a - +0 robe
rPois    +         Reflect  .   (no helmet)
rElec    +         Harm     .   g - +0 cloak
rCorr    +         Rampage  .   (no gloves)
Will     .....                  (no boots)
Stlth    ++........             (no amulet)
HPRegen  0.06/turn              (no ring)
MPRegen  0.10/turn              (no ring)

@: lethally poisoned (0 -> -4), resistant
A: claws 1, high mp 1
a: no special abilities


You were on level 2 of the Dungeon.
You visited 1 branch of the dungeon, and saw 2 of its levels.

You collected 120 gold pieces.

Inventory:

Hand Weapons
 b - a +0 club
 d - a +4 hunting sling (weapon)
 j - a +0 dagger
Missiles
 k - 27 stones (quivered ammo)
Armour
 a - a +0 robe (worn)
 g - a +0 cloak (worn)


   Skills:
 - Level 2.0 Dodging
 + Level 1.8 Stealth
 + Level 2.1 Spellcasting
 + Level 1.1 Conjurations
 + Level 3.3 Fire Magic


You had 4 spell levels left.
You knew the following spells:

 Your Spells              Type           Power        Failure   Level
a - Foxfire               Conj/Fire      40%          7%          1

Your spell library contained the following spells:

 Spells                   Type           Power        Failure   Level
 Conjure Flame            Conj/Fire      10%          21%         3
 Inner Flame              Hex/Fire       8%           26%         3
 Sticky Flame             Conj/Fire      10%          54%         4
 Fireball                 Conj/Fire      5%           88%         5


Dungeon Overview and Level Annotations

Branches:
Dungeon (2/15)


Innate Abilities, Weirdness & Mutations

You have an increased reservoir of magic. (+10% MP)
You have sharp fingernails.


Message History

Unknown command.
As you read the scroll labelled JAUDIJ CECAU, it crumbles to dust.
The air around you briefly surges with heat, but it dissipates.
It was a scroll of immolation.
* * * LOW HITPOINT WARNING * * *
You feel sick.
As you read the scroll labelled JATEEPL FAELA, it crumbles to dust.
It is a scroll of identify.
e - a scroll of magic mapping
As you read the scroll of magic mapping, it crumbles to dust.
You feel aware of your surroundings.
You sensed 1 altar.
* * * LOW HITPOINT WARNING * * *
You feel sick.
* * * LOW HITPOINT WARNING * * *
You feel sick.
Found 20 stones.
* * * LOW HITPOINT WARNING * * *
You feel sick.
Found a hunting sling.
You die...

*,,,*+*,,,,* ***
*,*,*......# ,,*
*,*,,,.....# ,,*
*,****#....# ,,*
*,,,,*#)...# ,,*
****,*#....# ***
*,*#....# *,*#....#
*,*#..(@#*******
*,*#....+,,,,,,*
#.##....#*****,*
#.......#,,,,*,*
****#######.#,**,*,*
*,,,,*,,..#.#,#*,,,*
*,**,#,*#.#.#.#*****
******,**,#.##.#...#
,,,,,,,**,#......(.#**


There were no monsters in sight!

Vanquished Creatures
  An adder (D:2)
  A leopard gecko (D:1)
  A giant cockroach (D:1)
  3 goblins (D:1)
  3 hobgoblins (D:1)
  2 kobolds (D:1)
  3 bats (D:1)
  A frilled lizard (D:2)
  2 rats (D:1)
17 creatures vanquished.

Vanquished Creatures (others)
  49 foxfires
49 creatures vanquished.

Grand Total: 66 creatures vanquished

Notes
Turn   | Place    | Note
-------+----------+-------------------------------------------
     0 | D:1      | Drachen the Demigod Fire Elementalist began the quest for
                  | the Orb.
     0 | D:1      | Reached XP level 1. HP: 14/14 MP: 5/5
   160 | D:1      | Reached skill level 3 in Fire Magic
   277 | D:1      | Reached XP level 2. HP: 20/20 MP: 5/7
   670 | D:1      | Reached skill level 1 in Conjurations
   941 | D:2      | Gained mutation: You have sharp fingernails. [potion of
                  | mutation]
   950 | D:2      | HP: 1/20 [poisoned by an adder]
   954 | D:2      | Succumbed to an adder's poison

Illustrated notes

Levels and vault maps discovered:
D:1:      wander_arrival_abandoned_jail, layout_loops_ring
D:2:      layout_basic, nemelex_xobeh_ov_fountains_minmay

Skill      XL: |  1  2 |
---------------+-------+-----
Fire Magic     | 3 |  3.3
Dodging        | 2 |  2.0
Spellcasting   | 2 |  2.1
Conjurations   | 1 |  1.1
Stealth        | |  1.8

Action                   || total
-------------------------++-------
 Fire: Hunting sling     ||     2
 Cast: Foxfire           ||    30
  Use: Scroll            ||     3
       Potion            ||     2
Armor: Robe              ||     2
Dodge: Dodged            ||     6
